 Dungeon Crawl Stone Soup version 0.28.0 (webtiles) character file.

Game seed: 6691752601134957073

30792 Majang the Thaumaturge (level 13, -6/100 HPs)
             Began as a Barachi Ice Elementalist on Feb 13, 2022.
             Was a High Priest of Vehumet.
             Mangled by an orc warrior (14 damage)
             ... while paralysed by an orc sorcerer
             ... on level 2 of the Orcish Mines.
             The game lasted 01:26:29 (18088 turns).

Majang the Thaumaturge (Barachi Ice Elementalist)  Turns: 18088, Time: 01:26:30

Health: -6/100     AC: 11    Str: 11    XL:     13   Next: 54%
Magic:  32/37      EV:  2    Int: 21    God:    Vehumet [*****.]
Gold:   1130       SH:  0    Dex: 17    Spells: 14/34 levels left

rFire   . . .      SeeInvis .   y - +9 flail "Okhliutz" {vorpal, Int+2 Dex+4}
rCold   . . .      Faith    .   L - +0 buckler
rNeg    . . .      Spirit   .   u - +0 steam dragon scales
rPois   .          Reflect  .   n - +2 helmet
rElec   .          Harm     .   (no cloak)
rCorr   .          Rampage  .   M - +0 pair of gloves
Will    .....                   i - +1 pair of boots
Stlth   ++........              (no amulet)
HPRegen 0.26/turn               g - +4 ring of slaying
MPRegen 0.25/turn               K - ring of magical power

@: paralysed, studying Earth Magic, slow
A: amphibious, slowness 1, strong legs 2, +LOS
a: Hop, Renounce Religion


You were on level 2 of the Orcish Mines.
You worshipped Vehumet.
Vehumet was extremely pleased with you.
You visited 3 branches of the dungeon, and saw 15 of its levels.
You also visited: Bailey.

You collected 1130 gold pieces.

Inventory:

Hand Weapons
 d - a +0 spear
 y - the +9 flail "Okhliutz" (weapon) {vorpal, Int+2 Dex+4}
   (You found it on level 7 of the Dungeon)

   It inflicts extra damage upon your enemies.
   Int:       It affects your intelligence (+2).
   Dex:       It affects your dexterity (+4).
 I - the +7 mace "Juty" {freeze, rElec rCorr Dex+4}
   (You found it on level 10 of the Dungeon)

   It freezes those it strikes, dealing additional cold damage.
   It can also slow down cold-blooded creatures.
   Dex:       It affects your dexterity (+4).
   rElec:     It insulates you from electricity.
   rCorr:     It protects you from acid and corrosion.
Missiles
 h - 406 stones
 s - 3 throwing nets
Armour
 i - a +1 pair of boots (worn)
 n - a +2 helmet (worn)
 u - +0 steam dragon scales (worn)
 x - a +2 leather armour of fire resistance
 L - a +0 buckler (worn)
 M - a +0 pair of gloves (worn)
Magical Staves
 e - a staff of earth
Jewellery
 g - a +4 ring of slaying (left hand)
 p - a ring of wizardry
 t - a ring of positive energy
 J - a ring of resist corrosion
 K - a ring of magical power (right hand)
Wands
 a - a wand of digging (7)
 b - a wand of polymorph (20)
 r - a wand of acid (9)
 C - a wand of iceblast (22)
 D - a wand of flame (23)
 N - a wand of paralysis (3)
Scrolls
 f - 2 scrolls of teleportation
 j - 3 scrolls of fear
 w - a scroll of immolation
 E - a scroll of acquirement {unknown}
 F - 3 scrolls of holy word
 G - 2 scrolls of amnesia
 H - a scroll of brand weapon {unknown}
Potions
 c - a potion of mutation {unknown}
 k - a potion of ambrosia
 l - 4 potions of magic
 m - 2 potions of haste {unknown}
 o - 3 potions of curing
 q - a potion of berserk rage {unknown}
 v - 2 potions of attraction {unknown}
 z - a potion of resistance
 A - 2 potions of cancellation {unknown}
Miscellaneous
 B - a lightning rod (3/4)


   Skills:
 + Level 8.9 Fighting
 + Level 9.9 Staves
 + Level 8.5 Dodging
 - Level 1.7 Stealth
 + Level 2.1 Shields
 * Level 11.1 Spellcasting
 + Level 9.9 Conjurations
 + Level 10.3 Ice Magic
 + Level 2.1 Earth Magic
 + Level 9.8 Evocations


You had 14 spell levels left.
You knew the following spells:

 Your Spells              Type           Power      Damage    Failure   Level
a - Ozocubu's Armour      Ice            53%        N/A       1%          3
b - Iskenderun's Mystic   Conj/Tloc      32%        2d8       2%          4
f - Freeze                Ice            100%       1d11      1%          1
h - Hailstorm             Conj/Ice       53%        3d12      1%          4
l - Lee's Rapid Deconstr  Erth           10%        3d9*      22%         5
r - Frozen Ramparts       Ice            100%       1d12      1%          3

Your spell library contained the following spells:

 Spells                   Type           Power      Damage    Failure   Level
 Lightning Bolt           Conj/Air       16%        1d30      7%          5
 Static Discharge         Conj/Air       32%        N/A       1%          2
 Conjure Flame            Conj/Fire      32%        6-21      1%          3
 Dazzling Flash           Conj/Hex       64%        N/A       1%          3
 Sticky Flame             Conj/Fire      32%        2d5       2%          4
 Ignite Poison            Fire/Tmut/Pois 11%        N/A       6%          3
 Slow                     Hex            44%        N/A       8%          1
 Blink                    Tloc           22%        N/A       12%         2
 Confusing Touch          Hex            11%        N/A       22%         3
 Lesser Beckoning         Tloc           11%        N/A       22%         3
 Vampiric Draining        Necr           11%        2d6       22%         3
 Starburst                Conj/Fire      16%        6d6       36%         6
 Dispel Undead            Necr           11%        3d9       58%         4
 Manifold Assault         Tloc           11%        N/A       91%         5


Dungeon Overview and Level Annotations

Branches:
Dungeon (12/15)            Temple (1/1) D:6            Lair (0/6) D:11
    Orc (2/2) D:12         Bailey (visited)
    Elf: Orc:2

Altars:
Ashenzari
Cheibriados
Dithmenos
Elyvilon
Fedhas
Gozag
Hepliaklqana
Kikubaaqudgha
Makhleb
Nemelex Xobeh
Okawaru
Qazlal
Ru
Sif Muna
Trog
Uskayaw
Vehumet
Wu Jian
Xom
Yredelemnul
Zin
The Shining One
Beogh


Innate Abilities, Weirdness & Mutations

You are amphibious.
You cover ground slowly.
You can hop long distances.
You have an extended range of vision and can be seen from far away.


Message History

Your Shields skill increases to level 2!
Your Earth Magic skill increases to level 2!
Okay, then.
Okay, then.
The wall freezes the orc warrior!
You hit the orc warrior.
The orc warrior is heavily wounded.
The wall freezes the orc warrior!
The orc warrior hits you but does no damage.
An orc warrior comes into view. It is wielding a +0 long sword.
Unknown command.
You barely miss the orc warrior.
The orc warrior is almost dead.
The wall freezes the orc warrior.
You kill the orc warrior!
Vehumet accepts your kill.
You feel your power returning.
You hit the orc warrior.
The orc warrior is moderately wounded.
The frozen ramparts melt away.
The orc sorcerer points at you and mumbles some strange words.
You suddenly lose the ability to move!
The orc warrior hits you but does no damage.
The orc sorcerer gestures at you while chanting.
The bolt of fire hits you!!!
Your icy armour melts away.
An orc warrior comes into view. It is wielding a +0 dire flail.
The orc warrior hits you but does no damage.
The orc sorcerer gestures wildly while chanting.
An orc high priest comes into view. It is wielding a +0 long sword.
The orc warrior hits you with a +0 hand axe!
The orc high priest shouts!
You hear a shout!
The orc sorcerer mumbles some strange words.
The orc warrior hits you with a +0 hand axe!
* * * LOW HITPOINT WARNING * * *
The orc warrior hits you but does no damage.
The orc warrior hits you with a +0 hand axe!
* * * LOW HITPOINT WARNING * * *
The orc warrior hits you with a +0 long sword!
You die...

#........## ....
##........#.....
#.^......o......
#...............
##......o.......
##.#...........
##..o..........
#.oo...........
##@......$.....
#.)4#..........
##)#)...._.....
#.o............
#..4...........
...#.....<....
##...........
#...$...... #...
....P.


You could see an orc high priest, an orange demon (summoned), a chaos spawn
(summoned), an orc sorcerer and 4 orc warriors.

Vanquished Creatures
  Rupert (Orc:2)
  The ghost of Alaugg the Cleaver, a journeyman HOFi of Beogh (D:12)
  A hydra (D:11)
  5 two-headed ogres
  Urug (D:10)
  Nergalle (Orc:1)
  3 orc knights
  2 manticores
  A cyclops (Orc:1)
  4 gargoyles
  2 komodo dragons
  5 kobold demonologists (D:12)
  A freezing wraith (D:10)
  2 trolls
  A hornet (D:9)
  Grinder (D:6)
  Prince Ribbit (D:6)
  Sigmund (D:2)
  A water elemental (D:12)
  4 shadows
  A wraith (D:12)
  A wyvern (D:8)
  2 vampires
  A basilisk (D:12)
  26 yaks
  Grum (D:8)
  2 steam dragons
  3 wargs
  An acid dragon (D:11)
  3 water moccasins
  A swamp drake (Bailey)
  20 orc warriors
  A sky beast (D:8)
  3 necrophages
  4 ogres
  4 wolves (D:8)
  9 centaurs
  A phantom (D:12)
  13 kobold brigands
  3 gnoll sergeants
  A water moccasin skeleton (D:4)
  A troll zombie (D:12)
  9 wights
  4 electric eels (D:12)
  4 howler monkeys
  A crimson imp (D:10)
  2 hounds (D:4)
  3 jellies
  A centaur skeleton (D:7)
  2 centaur zombies
  7 orc priests
  A bullfrog skeleton (D:6)
  Jessica (D:2)
  Terence (D:2)
  10 orc wizards
  A scorpion zombie (D:5)
  2 iguanas
  2 killer bee zombies
  5 ogre zombies (D:12)
  Robin (D:2)
  2 howler monkey zombies (D:6)
  16 gnolls
  6 adders
  A shadow imp (D:8)
  2 white imps
  An ufetubus (D:6)
  4 worms
  4 dart slugs
  61 orcs
  2 ball pythons
  4 endoplasms
  4 giant cockroaches
  13 goblins
  9 hobgoblins
  2 jackals (D:1)
  3 quokkas
  7 bats
  2 frilled lizards
  A goblin skeleton (D:12)
  A goblin zombie (D:12)
  A hobgoblin skeleton (D:12)
  4 hobgoblin zombies (D:12)
  22 kobolds
  2 orc skeletons (D:12)
  10 orc zombies (D:12)
  5 rats
387 creatures vanquished.

Vanquished Creatures (others)
  5 fungi (Orc:2)
  13 plants (D:5)
18 creatures vanquished.

Grand Total: 405 creatures vanquished

Notes
Turn   | Place    | Note
-------+----------+-------------------------------------------
     0 | D:1      | Majang the Barachi Ice Elementalist began the quest for the
                  | Orb.
     0 | D:1      | Reached XP level 1. HP: 13/13 MP: 3/3
   607 | D:1      | Reached skill level 5 in Ice Magic
   607 | D:1      | Reached XP level 2. HP: 18/19 MP: 2/5
  1577 | D:2      | Reached skill level 3 in Spellcasting
  1577 | D:2      | Reached XP level 3. HP: 21/25 MP: 2/7
  1581 | D:2      | Learned a level 3 spell: Ozocubu's Armour
  1585 | D:2      | Learned a level 3 spell: Frozen Ramparts
  1683 | D:2      | Reached skill level 1 in Fighting
  1714 | D:2      | Noticed Terence
  1723 | D:2      | Noticed Robin
  1729 | D:2      | Noticed Sigmund
  1742 | D:2      | Killed Robin
  1743 | D:2      | Reached XP level 4. HP: 32/32 MP: 3/9
  1750 | D:2      | Killed Sigmund
  1751 | D:2      | Reached skill level 4 in Spellcasting
  1751 | D:2      | Reached XP level 5. HP: 30/39 MP: 4/11
  1764 | D:2      | Killed Terence
  1765 | D:2      | Reached XP level 6. HP: 37/46 MP: 1/12
  1944 | D:2      | Learned a level 4 spell: Hailstorm
  1948 | D:2      | Noticed Jessica
  1958 | D:2      | Killed Jessica
  2351 | D:2      | Found a faded altar of an unknown god.
  3349 | D:4      | Reached skill level 1 in Staves
  3349 | D:4      | Reached skill level 1 in Conjurations
  3349 | D:4      | Reached XP level 7. HP: 52/52 MP: 7/14
  3804 | D:4      | Reached skill level 5 in Spellcasting
  4250 | D:5      | Entered Level 5 of the Dungeon
  4704 | D:5      | Found a stormy altar of Qazlal.
  4704 | D:5      | Found a blossoming altar of Fedhas.
  4704 | D:5      | Found a bloodstained altar of Trog.
  5319 | D:6      | Found a shimmering blue altar of Sif Muna.
  5319 | D:6      | Found a basalt altar of Yredelemnul.
  5320 | D:6      | Found an iron altar of Okawaru.
  5350 | D:6      | Noticed Prince Ribbit
  5361 | D:6      | Killed Prince Ribbit
  5362 | D:6      | Reached skill level 1 in Evocations
  5376 | D:6      | Noticed a troll
  5388 | D:6      | Reached XP level 8. HP: 60/60 MP: 0/16
  5393 | D:6      | Killed a troll
  5394 | D:6      | Reached skill level 6 in Spellcasting
  5619 | D:6      | Noticed a yak
  5808 | D:6      | Killed a yak
  5809 | D:6      | Reached skill level 5 in Dodging
  5977 | D:6      | Found a staircase to the Ecumenical Temple.
  5985 | Temple   | Entered the Ecumenical Temple
  6183 | D:6      | Noticed Grinder
  6194 | D:6      | Paralysed by Grinder for 4 turns
  6203 | D:6      | Killed Grinder
  6204 | D:6      | Reached XP level 9. HP: 61/67 MP: 6/19
  6350 | D:6      | Noticed a komodo dragon
  6363 | D:6      | Killed a komodo dragon
  6364 | D:6      | Reached skill level 5 in Fighting
  6364 | D:6      | Reached skill level 7 in Spellcasting
  6858 | D:7      | Found a flagged portal.
  6970 | D:7      | Identified the +9 flail "Okhliutz" {vorpal, Int+2 Dex+4}
  7028 | Bailey   | Entered a bailey
  8075 | Bailey   | Noticed an orc knight
  8080 | Bailey   | Reached XP level 10. HP: 44/76 MP: 3/21
  8082 | Bailey   | Killed an orc knight
  8083 | Bailey   | Reached skill level 8 in Spellcasting
  8195 | Bailey   | Reached XP level 11. HP: 65/81 MP: 23/23
  9196 | D:8      | Noticed Grum
  9209 | D:8      | Killed Grum
  9628 | D:8      | Found a radiant altar of Vehumet.
  9636 | D:8      | Became a worshipper of Vehumet
  9931 | D:8      | Noticed a manticore
  9939 | D:8      | Killed a manticore
 10114 | D:9      | Noticed a two-headed ogre
 10121 | D:9      | Killed a two-headed ogre
 11194 | D:9      | Found a shimmering altar of Xom.
 11312 | D:10     | Entered Level 10 of the Dungeon
 11323 | D:10     | Noticed a two-headed ogre
 11328 | D:10     | Killed a two-headed ogre
 11329 | D:10     | Reached skill level 9 in Spellcasting
 11425 | D:10     | Found a glowing golden altar of the Shining One.
 11464 | D:10     | Reached * piety under Vehumet
 11464 | D:10     | Offered knowledge of Shock by Vehumet.
 11518 | D:10     | Found a sacrificial altar of Ru.
 12305 | D:10     | Reached XP level 12. HP: 75/91 MP: 6/25
 12482 | D:10     | Identified the +7 mace "Juty" {freeze, rElec rCorr Dex+4}
 12593 | D:10     | Noticed Urug
 12602 | D:10     | Killed Urug
 13432 | D:11     | Noticed a two-headed ogre
 13447 | D:11     | Killed a two-headed ogre
 13647 | D:11     | Reached ** piety under Vehumet
 13647 | D:11     | Offered knowledge of Magic Dart by Vehumet.
 13914 | D:11     | Noticed a five-headed hydra
 13935 | D:11     | Killed a five-headed hydra
 13992 | D:11     | Reached skill level 10 in Spellcasting
 14047 | D:11     | Found a staircase to the Lair.
 14420 | D:11     | Found a runed translucent door.
 15028 | D:11     | Offered knowledge of Scorch by Vehumet.
 15377 | D:12     | Reached *** piety under Vehumet
 15630 | D:12     | Noticed a two-headed ogre
 15640 | D:12     | Killed a two-headed ogre
 15789 | D:12     | Offered knowledge of Mephitic Cloud by Vehumet.
 15991 | D:12     | Noticed a two-headed ogre
 16027 | D:12     | Killed a two-headed ogre
 16028 | D:12     | Gained mutation: You can hop long distances. [Barachi
                  | growth]
 16028 | D:12     | Reached XP level 13. HP: 86/99 MP: 26/27
 16248 | D:12     | Found a staircase to the Orcish Mines.
 16287 | D:12     | Identified the +5 rapier of Xanomas {flame, Dex+3}
 16315 | D:12     | Learned a level 4 spell: Iskenderun's Mystic Blast
 16697 | D:12     | Found a runed translucent gate.
 16697 | D:12     | Found a runed translucent gate.
 16697 | D:12     | Found a runed translucent gate.
 16698 | D:12     | Noticed Alaugg's ghost (journeyman HOFi)
 16716 | D:12     | Reached skill level 10 in Ice Magic
 16718 | D:12     | Reached skill level 1 in Shields
 16720 | D:12     | Killed Alaugg's ghost
 16720 | D:12     | Reached **** piety under Vehumet
 16728 | D:12     | Offered knowledge of Lee's Rapid Deconstruction by Vehumet.
 16735 | D:12     | Learned a level 5 spell: Lee's Rapid Deconstruction
 16900 | D:12     | Identified the +3 glaive of the Spider {vorpal, Will+ MP-9
                  | Int+4}
 17084 | Orc:1    | Entered Level 1 of the Orcish Mines
 17184 | Orc:1    | Reached skill level 1 in Earth Magic
 17189 | Orc:1    | Reached skill level 11 in Spellcasting
 17190 | Orc:1    | Noticed Nergalle
 17326 | Orc:1    | Killed Nergalle
 17963 | Orc:2    | Entered Level 2 of the Orcish Mines
 18006 | Orc:2    | Reached ***** piety under Vehumet
 18041 | Orc:2    | Offered knowledge of Lightning Bolt by Vehumet.
 18068 | Orc:2    | Noticed Rupert
 18079 | Orc:2    | Killed Rupert
 18084 | Orc:2    | Paralysed by an orc sorcerer for 6 turns
 18088 | Orc:2    | Mangled by an orc warrior

Illustrated notes

Levels and vault maps discovered:
D:1:      minmay_arrival_diagonal_passages, layout_basic, nrook_campfire,
          minmay_bisected
D:2:      layout_rooms, basic_ecumenical_altar,
          nicolae_concentric_dashed_squares_mild, uniq_jessica, uniq_terence,
          uniq_robin, uniq_sigmund
D:3:      layout_loops_cross, minmay_misc_feat_columns
D:4:      layout_rooms, hangedman_decor_push
D:5:      layout_basic, gammafunk_temple_overflow_claw, serial_bayou_lagoon_a
D:6:      layout_gridville, chequers_temple_overflow_statue_of_worship,
          minmay_temple_entry_tees, minmay_manual_mandibuliform,
          uniq_prince_ribbit1, uniq_grinder
D:7:      layout_rooms, enter_bailey_8, chequers_garden
D:8:      layout_basic, mainiacjoe_overflow_surrounded_room, uniq_grum
D:9:      layout_basic, mainiacjoe_overflow_alcove_1
D:10:     layout_gridville, kennysheep_mini_moat, mainiacjoe_overflow_brackets,
          minmay_fire_ice_demons, uniq_urug
D:11:     layout_basic, lair_entry_dummy, lightli_church_of_beogh
D:12:     layout_basic, zombieorc1_lemuel, gammafunk_ghost_nasty_kobolds,
          st_stairs_12
Temple:   hc_temple_tempest_star
Orc:1:    layout_diamond_mine, nicolae_orc_stony_grotto, mines2_david,
          uniq_nergalle
Orc:2:    grunt_orc_gardens, layout_caves, grunt_orc_garden, grunt_orc_garden,
          grunt_orc_garden, grunt_orc_garden, nicolae_volcano_entry_lava_flow,
          basic_altar, minmay_orc_barracks, uniq_rupert

Skill      XL: |  1  2  3  4  5  6  7  8  9 10 11 12 13 |
---------------+----------------------------------------+-----
Ice Magic      | 5 6 7 8 9 10 | 10.3
Spellcasting   | 3 4 5 6 7 8 9 10 11 | 11.1
Fighting       | 1 2 3 4 5 6 7 8 |  8.9
Dodging        | 3 4 5 6 7 8 |  8.5
Staves         | 1 2 3 4 8 9 |  9.9
Conjurations   | 1 2 3 4 8 9 |  9.9
Evocations     | 1 2 4 7 8 9 |  9.8
Shields        | 2 |  2.1
Earth Magic    | 2 |  2.1
Stealth        | |  1.7

Action                   |  1- 3 |  4- 6 |  7- 9 | 10-12 | 13-15 || total
-------------------------+-------+-------+-------+-------+-------++-------
Melee: Unarmed           |    24 |    15 |       |       |       ||    39
       Spear             |    19 |    35 |   149 |       |       ||   203
       Punch             |       |       |     4 |     3 |       ||     7
       Flail             |       |       |     7 |   163 |    69 ||   239
 Cast: Freeze            |    31 |     8 |     9 |       |       ||    48
       Frozen Ramparts   |     3 |    17 |    35 |    56 |    19 ||   130
       Ozocubu's Armour  |       |     2 |    31 |    49 |    20 ||   102
       Hailstorm         |       |       |    21 |    88 |    47 ||   156
       Iskenderun's Myst |       |       |       |       |     7 ||     7
 Abil: Hop               |     1 |       |       |     3 |       ||     4
Evoke: Wand              |       |       |     4 |    13 |     2 ||    19
       Lightning rod     |       |       |       |     1 |     1 ||     2
  Use: Potion            |     2 |       |     2 |     3 |     1 ||     8
       Scroll            |       |     4 |     8 |     2 |       ||    14
 Stab: Invisible         |     1 |       |       |       |       ||     1
       Sleeping          |     2 |     1 |       |     1 |       ||     4
       Confused          |       |     2 |       |       |       ||     2
       Distracted        |       |       |       |       |     1 ||     1
Armor: Robe              |    21 |       |       |       |       ||    21
       Skin              |     1 |     1 |       |       |       ||     2
       Animal skin       |       |     8 |    41 |       |       ||    49
       Steam dragon scal |       |       |    38 |    93 |    20 ||   151
Dodge: Dodged            |    41 |    22 |   134 |   168 |    38 ||   403
Block: Buckler           |       |       |       |       |    11 ||    11
